 Dungeon Crawl Stone Soup version 0.31-a0-1002-g8e65716e6e (webtiles) character file.

Game seed: 3463912470469221050

22357 Colgate the Grappler (level 12, -12/140 HPs)
             Began as a Troll Shapeshifter on Nov 10, 2023.
             Was a Priest of Jiyva.
             Mangled by a skeletal warrior
             ... wielding a +0 long sword
              (22 damage)
             ... on level 12 of the Dungeon.
             The game lasted 00:58:38 (11331 turns).

Colgate the Grappler (Troll Shapeshifter)          Turns: 11331, Time: 00:58:39

Health: -12/140    AC:  8    Str: 36    XL:     12   Next: 62%
Magic:  0/11       EV: 12    Int:  6    God:    Jiyva [***...]
Gold:   643        SH:  0    Dex: 14    Spells: 11/11 levels left

rFire   . .          .
                       - Unarmed
rCold   . . .        (shield currently unavailable)
rNeg    + . .        U - +0 troll leather armour
rPois   +            (helmet restricted)
rElec   .            (no cloak)
rCorr   +            (gloves unavailable)
SInv    +            (boots unavailable)
Will    .....        P - amulet "Luewn" {Spirit Str+2 Dex+2}
Stlth   +            S - ring of Nuim {rN+ Dex+3}
HPRegen 3.15/turn    R - ring of Koipsiakk {Fly rPois Str+5}
MPRegen 0.47/turn

%: guardian spirit
@: blade hands, flying
A: large, unfitting armour, (claws 3), regeneration 1, shaggy fur 1, tough skin
1, talons 3, iridescent scales 3, see invisible, robust 1, acidic bite, eyeballs
2, jelly sensing items, subdued magic 1, engulf
a: Begin Untransformation, Renounce Religion, Oozemancy


You were on level 12 of the Dungeon.
You worshipped Jiyva.
Jiyva was most pleased with you.
You had blades for hands.
You visited 2 branches of the dungeon, and saw 14 of its levels.
You also visited: Sewer.

You collected 643 gold pieces.

Inventory:

Missiles
 l - 44 poisoned darts
 p - 7 curare-tipped darts
 x - 24 boomerangs
 Q - 14 large rocks
Armour
 a - +0 steam dragon scales
 w - a +2 robe of cold resistance
 D - a +1 robe of willpower
 M - a +0 cloak
 N - +0 acid dragon scales
 U - a +0 troll leather armour (worn)
 W - a +0 robe of positive energy
Jewellery
 O - the ring of Famuov {rPois rC+}
   (You found it on level 10 of the Dungeon)

   [ring of protection from cold]

   rC+:       It protects you from cold.
   rPois:     It protects you from poison
 P - the amulet "Luewn" (around neck) {Spirit Str+2 Dex+2}
   (You took it off a deep elf pyromancer on level 10 of the Dungeon)

   [amulet of guardian spirit]

   Spirit:    It causes incoming damage to be divided between your reserves of
   health and magic.
   Str+2:     It affects your strength (+2).
   Dex+2:     It affects your dexterity (+2).
 R - the ring of Koipsiakk (right blade hand) {Fly rPois Str+5}
   (You found it on level 10 of the Dungeon)

   [ring of flight]

   Str+5:     It affects your strength (+5).
   rPois:     It protects you from poison Fly: It grants you flight.
 S - the ring of Nuim (left blade hand) {rN+ Dex+3}
   (You found it on level 10 of the Dungeon)

   [ring of positive energy]

   Dex+3:     It affects your dexterity (+3).
   rN+:       It protects you from negative energy.
 T - a ring of protection from cold
 V - a +6 ring of intelligence
Talismans
 c - a beast talisman
 d - a flux talisman
 u - a blade talisman (active)
 C - a serpent talisman
Wands
 b - a wand of charming (18)
 s - a wand of roots (11) {@v2}
 y - a wand of mindburst (18)
 H - a wand of digging (10) {@v3}
 I - a wand of flame (30)
 J - a wand of polymorph (9)
Scrolls
 g - a scroll of torment
 h - a scroll of enchant armour {unknown}
 i - a scroll of immolation
 q - a scroll of blinking {@r4}
 r - a scroll of teleportation {@r3}
 t - 2 scrolls of butterflies
 B - a scroll of enchant weapon {unknown}
 G - 3 scrolls of revelation
 K - a scroll of vulnerability
 L - a scroll of fear {unknown}
Potions
 e - 2 potions of heal wounds {@q2}
 f - 2 potions of mutation
 j - 9 potions of curing {@q1}
 k - 2 potions of ambrosia {unknown}
 m - a potion of brilliance {unknown}
 n - 2 potions of attraction {unknown}
 o - 3 potions of berserk rage
 v - a potion of magic {unknown}
 z - 2 potions of enlightenment {unknown}
 A - 2 potions of haste {@q4}
 E - a potion of lignification
 F - a potion of degeneration {unknown}


   Skills:
 - Level 10.8 Fighting
 - Level 5.8 Dodging
 + Level 12.4 Unarmed Combat
 - Level 10.2 Shapeshifting


You had 11 spell levels left.
You didn't know any spells.
Your spell library contained the following spells:

 Spells                   Type           Power      Damage    Failure   Level
 Summon Small Mammal      Summ           0%         N/A       45%         1
 Call Canine Familiar     Summ           0%         N/A       83%         3
 Summon Guardian Golem    Hex/Summ       0%         N/A       83%         3
 Volatile Blastmotes      Fire/Tloc      0%         2d10      83%         3
 Fulminant Prism          Conj/Hex       0%         3d5       99%         4
 Iskenderun's Mystic Bla  Conj/Tloc      0%         2d3       99%         4
 Vhi's Electric Charge    Tloc/Air       0%         N/A       99%         4
 Arcjolt                  Conj/Air       0%         1d10      100%        5
 Plasma Beam              Fire/Air       0%         2x1d10    100%        6


Dungeon Overview and Level Annotations

Branches:
Dungeon (13/15)            Temple (1/1) D:4            Lair (0/5) D:9
 Vaults (0/5) D:13          Sewer (visited)
    Orc: D:9-12

Altars:
Ashenzari
Cheibriados
Dithmenos
Elyvilon
Fedhas
Gozag
Hepliaklqana
Kikubaaqudgha
Makhleb
Nemelex Xobeh
Okawaru
Qazlal
Ru
Sif Muna
Trog
Uskayaw
Vehumet
Wu Jian
Xom
Yredelemnul
Zin
The Shining One
Jiyva

Shops:
D:5 :


Innate Abilities, Weirdness & Mutations

You have blades for hands.
You are incapable of wielding weapons or throwing items.
You are too large for most types of armour.
((You have claws for hands.))
Your natural rate of healing is unusually fast.
You are covered in fur. (AC +1)
You have tough skin. (AC +1)
You have claws for feet.
You are completely covered in iridescent scales. (AC +6)
You have supernaturally acute eyesight. (SInv)
You are robust. (+10% HP)
You have acidic saliva.
Your body has grown many eyes which may confuse attackers. (Acc +5)
You have a small jelly attached to you that senses nearby items.
Your spells are a little easier to cast, but a little less powerful.
Your melee attacks may engulf your foes in ooze.


Message History

Things that are here:
a +0 dagger of venom; a +0 robe of positive energy; the human corpse of Josephine
W - a +0 robe of positive energy No target in view!
You feel yourself speed up.
You hear a distant slurping noise.
I - a wand of flame (30) (gained 13 charges)
G - 3 scrolls of revelation (gained 1)
Found 3 stones.
No target in view! 2 skeletal warriors come into view.
The skeletal warrior hits you from afar with a +0 halberd!!
The skeletal warrior barely misses you.
The skeletal warrior hits you with a +0 long sword.
You slice the skeletal warrior!! You slash the skeletal warrior!
The skeletal warrior hits you with a +0 halberd!
You hit the skeletal warrior but do no damage.
The skeletal warrior hits you with a +0 long sword!!
The skeletal warrior hits you with a +0 halberd!!
You closely miss the skeletal warrior. Your kick misses the skeletal warrior.
Your bite misses the skeletal warrior.
The skeletal warrior hits you with a +0 long sword!
The skeletal warrior hits you with a +0 halberd!!
You slice the skeletal warrior!!
You claw the skeletal warrior, but do no damage.
The skeletal warrior hits you with a +0 long sword!!
* * * LOW HITPOINT WARNING * * *
The skeletal warrior hits you with a +0 halberd!!
* * * LOW HITPOINT WARNING * * *
You slice the skeletal warrior!!
You destroy the skeletal warrior!
You hit the skeletal warrior.
You engulf the skeletal warrior in ooze!
You claw the skeletal warrior.
The skeletal warrior hits you with a +0 long sword!
* * * LOW HITPOINT WARNING * * *
You hit the skeletal warrior but do no damage.
You claw the skeletal warrior.
The skeletal warrior hits you with a +0 long sword!!
You die...

#..................
#..########..###### #..#
#..#
#..########..#########
#....................(
#................####
#.############...#########
#.........z...............
#...)....@)...............
#..################.......
#..######## ..#####
#.......... ..#
#.......... ∆ ...
#.......... ..zz
#.......... .....
#.......... ......
#..........


You could see a skeletal warrior (engulfed).

Vanquished Creatures
  An ironbound thunderhulk (D:13)
  Josephine (D:12)
  A vault guard (D:13)
  3 boulder beetles
  3 centaur warriors
  A two-headed ogre (D:10)
  A skeletal warrior (D:12)
  An obsidian statue (D:13)
  An orc knight (D:13)
  2 deep elf pyromancers
  Pikel (D:5)
  A manticore (D:13)
  An ugly thing (D:13)
  3 cyclopes
  Maurice (D:12)
  Maggie (D:6)
  2 kobold demonologists (D:11)
  An unseen horror (D:12)
  A yaktaur (shapeshifter) (D:13)
  2 trolls
  3 hornets
  A tyrant leech (D:10)
  Grinder (D:5)
  A shadow (D:10)
  Sigmund (D:5)
  4 humans (D:13)
  5 basilisks
  Eustachio (D:6)
  7 wraiths
  2 vampires
  8 vampire mosquitoes
  3 steam dragons
  Edmund (D:6)
  A water moccasin (D:9)
  Pargi (Sewer)
  2 acid dragons
  4 orc warriors
  An ice beast (D:8)
  A sky beast (D:8)
  5 ogres
  7 centaurs
  3 bullfrogs
  7 kobold brigands
  2 gnoll sergeants
  2 scorpions (D:5)
  7 wights (D:9)
  6 killer bees (D:10)
  2 howler monkeys
  A gnoll bouda (D:6)
  4 hounds
  4 orc priests
  4 iguanas
  7 orc wizards
  11 gnolls
  9 adders
  A river rat (D:3)
  3 shadow imps
  A white imp (D:5)
  4 ufetubi
  A worm (D:4)
  2 dart slugs
  28 orcs
  7 ball pythons
  6 bats
  9 endoplasms
  4 giant cockroaches
  9 hobgoblins
  9 jackals
  2 quokkas
  3 frilled lizards
  7 goblins
  41 kobolds
  8 rats
303 creatures vanquished.

Vanquished Creatures (others)
  2 wyverns
  A water moccasin (D:8)
  2 phantoms
  3 kobold brigands (D:8)
  2 wights (D:9)
  16 jellies
  3 howler monkeys (D:8)
  A hound (D:4)
  An orc wizard (D:10)
  A worm (D:4)
  5 orcs
  A goblin (D:4)
  9 kobolds
47 creatures vanquished.

Grand Total: 350 creatures vanquished

Notes
Turn   | Place    | Note
-------+----------+-------------------------------------------
     0 | D:1      | Colgate the Troll Shapeshifter began the quest for the Orb.
     0 | D:1      | Reached XP level 1. HP: 18/18 MP: 0/0
   252 | D:1      | Reached XP level 2. HP: 26/26 MP: 1/1
   386 | D:1      | Reached skill level 4 in Unarmed Combat
   769 | D:2      | Reached XP level 3. HP: 32/32 MP: 2/2
  1486 | D:3      | Found a broken altar of Ashenzari.
  1655 | D:3      | Reached skill level 5 in Unarmed Combat
  1655 | D:3      | Reached XP level 4. HP: 32/40 MP: 3/3
  1732 | D:3      | Found a glowing drain.
  1736 | Sewer    | Entered a sewer
  1801 | Sewer    | Noticed Pargi
  1821 | Sewer    | Killed Pargi
  1822 | Sewer    | Reached skill level 6 in Unarmed Combat
  1822 | Sewer    | Reached XP level 5. HP: 38/46 MP: 4/4
  2187 | D:3      | Found a faded altar of an unknown god.
  2194 | D:3      | Reached XP level 6. HP: 47/54 MP: 5/5
  2200 | D:3      | Prayed at the altar of an unknown god.
  2200 | D:3      | Became a worshipper of Jiyva Jajufas the Shapeless
  2200 | D:3      | Reached * piety under Jiyva
  2345 | D:3      | Found a sacrificial altar of Ru.
  2718 | D:4      | Reached skill level 7 in Unarmed Combat
  2756 | D:4      | Noticed a hornet
  2768 | D:4      | Killed a hornet
  2769 | D:4      | Reached XP level 7. HP: 67/67 MP: 6/6
  2931 | D:4      | Found a staircase to the Ecumenical Temple.
  2965 | D:4      | Reached ** piety under Jiyva
  3375 | Temple   | Entered the Ecumenical Temple
  3400 | D:5      | Entered Level 5 of the Dungeon
  3404 | D:5      | Found Kanebal's Book Shoppe.
  3465 | D:5      | Noticed Pikel
  3486 | D:5      | Killed Pikel
  3487 | D:5      | Reached XP level 8. HP: 44/83 MP: 7/7
  3628 | D:5      | Noticed Sigmund
  3648 | D:5      | Killed Sigmund
  3690 | D:5      | Reached *** piety under Jiyva
  3698 | D:5      | Reached skill level 8 in Unarmed Combat
  3783 | D:5      | Noticed Grinder
  3798 | D:5      | Killed Grinder
  4095 | D:5      | Gained mutation: Your system is resistant to poisons.
                  | (rPois) [potion of mutation]
  4095 | D:5      | Gained mutation: Your spells are a little easier to cast,
                  | but a little less powerful. [potion of mutation]
  4095 | D:5      | Gained mutation: You have supernaturally acute eyesight.
                  | (SInv) [potion of mutation]
  4095 | D:5      | Gained mutation: You possess an exceptional clarity of
                  | mind. [potion of mutation]
  4152 | D:6      | Noticed Eustachio
  4160 | D:6      | Reached XP level 9. HP: 79/91 MP: 8/8
  4187 | D:6      | Noticed Maggie
  4188 | D:6      | Killed Eustachio
  4189 | D:6      | Reached skill level 5 in Dodging
  4207 | D:6      | Killed Maggie
  4377 | D:6      | Noticed Edmund
  4388 | D:6      | Killed Edmund
  4506 | D:6      | Gained mutation: You have sharp toenails. [Jiyva's grace]
  4506 | D:6      | Gained mutation: You have razor-sharp toenails. [Jiyva's
                  | grace]
  4506 | D:6      | Gained mutation: You have claws for feet. [Jiyva's grace]
  4506 | D:6      | Gained mutation: You are robust. (+10% HP) [Jiyva's grace]
  4673 | D:6      | Noticed a boulder beetle
  4687 | D:6      | Killed a boulder beetle
  4848 | D:7      | Found a sparkling altar of Nemelex Xobeh.
  4852 | D:7      | Found an opulent altar of Gozag.
  4855 | D:7      | Found a stormy altar of Qazlal.
  4858 | D:7      | Found an iron altar of Okawaru.
  5408 | D:7      | Reached **** piety under Jiyva
  5669 | D:8      | Found a basalt altar of Yredelemnul.
  5847 | D:8      | Reached XP level 10. HP: 110/110 MP: 9/9
  6098 | D:8      | Found a white marble altar of Elyvilon.
  6777 | D:8      | Found a basalt altar of Yredelemnul.
  7293 | D:8      | Found a white marble altar of Elyvilon.
  7377 | D:9      | Found a staircase to the Lair.
  7379 | D:9      | Lost mutation: You have claws for feet. [Jiyva's grace]
  7379 | D:9      | Lost mutation: You have razor-sharp toenails. [Jiyva's
                  | grace]
  7379 | D:9      | Lost mutation: Your system is resistant to poisons. (rPois)
                  | [Jiyva's grace]
  7379 | D:9      | Gained mutation: You are partially covered in iridescent
                  | scales. (AC +2) [Jiyva's grace]
  7379 | D:9      | Gained mutation: You are mostly covered in iridescent
                  | scales. (AC +4) [Jiyva's grace]
  7379 | D:9      | Gained mutation: You are completely covered in iridescent
                  | scales. (AC +6) [Jiyva's grace]
  7379 | D:9      | Gained mutation: You have razor-sharp toenails. [Jiyva's
                  | grace]
  7434 | D:9      | Reached skill level 9 in Unarmed Combat
  7693 | D:9      | Found a shimmering altar of Xom.
  7714 | D:9      | Paralysed by a hornet for 2 turns
  7794 | D:9      | Reached ***** piety under Jiyva
  8256 | D:10     | Entered Level 10 of the Dungeon
  8411 | D:10     | Reached skill level 10 in Unarmed Combat
  8545 | D:10     | Noticed a two-headed ogre
  8549 | D:10     | Killed a two-headed ogre
  8688 | D:10     | Noticed a boulder beetle
  8698 | D:10     | Killed a boulder beetle
  8700 | D:10     | Reached XP level 11. HP: 66/124 MP: 8/10
  8722 | D:10     | Identified the ring of Famuov {rPois rC+}
  8729 | D:10     | Identified the amulet "Luewn" {Spirit Str+2 Dex+2}
  8729 | D:10     | Noticed a deep elf pyromancer
  8732 | D:10     | Killed a deep elf pyromancer
  8740 | D:10     | Noticed a four-headed hydra
  8757 | D:10     | a four-headed hydra changed into a tyrant leech
  8804 | D:10     | Identified the ring of Koipsiakk {Fly rPois Str+5}
  8813 | D:10     | Identified the ring of Nuim {rN+ Dex+3}
  9217 | D:10     | Lost mutation: You possess an exceptional clarity of mind.
                  | [Jiyva's grace]
  9217 | D:10     | Gained mutation: You have acidic saliva. [Jiyva's grace]
  9217 | D:10     | Gained mutation: Your body has grown eyes which may confuse
                  | attackers. (Acc +3) [Jiyva's grace]
  9217 | D:10     | Gained mutation: Your body has grown many eyes which may
                  | confuse attackers. (Acc +5) [Jiyva's grace]
  9217 | D:10     | Gained mutation: Your body is covered in eyes which may
                  | confuse attackers. (Acc +7, SInv) [Jiyva's grace]
  9892 | D:11     | You are sucked into a shaft and drop 2 floors!
  9951 | D:13     | Noticed an orc knight
  9964 | D:13     | Killed an orc knight
  9965 | D:13     | Reached skill level 10 in Shapeshifting
 10004 | D:13     | Noticed a red ugly thing
 10033 | D:13     | Killed a red ugly thing
 10064 | D:13     | Noticed a boulder beetle
 10078 | D:13     | Killed a boulder beetle
 10281 | D:13     | Noticed an obsidian statue
 10345 | D:13     | Noticed a centaur warrior
 10356 | D:13     | Reached skill level 11 in Unarmed Combat
 10359 | D:13     | Killed a centaur warrior
 10554 | D:13     | Noticed a centaur warrior
 10560 | D:13     | Killed a centaur warrior
 10561 | D:13     | Reached XP level 12. HP: 103/135 MP: 9/11
 10915 | D:13     | Noticed an ironbound thunderhulk
 10923 | D:13     | Reached skill level 12 in Unarmed Combat
 10926 | D:13     | Killed an ironbound thunderhulk
 10929 | D:13     | Noticed a vault guard
 10942 | D:13     | Killed a vault guard
 10962 | D:13     | Found a gate to the Vaults.
 11077 | D:12     | Noticed Maurice
 11081 | D:12     | Maurice stole a +6 ring of intelligence
 11096 | D:12     | Killed Maurice
 11097 | D:12     | Reached skill level 10 in Fighting
 11130 | D:12     | Noticed a centaur warrior
 11142 | D:12     | Killed a centaur warrior
 11223 | D:12     | Lost mutation: You have razor-sharp toenails. [Jiyva's
                  | grace]
 11223 | D:12     | Lost mutation: Your body is covered in eyes which may
                  | confuse attackers. (Acc +7, SInv) [Jiyva's grace]
 11223 | D:12     | Gained mutation: Your melee attacks may engulf your foes in
                  | ooze. [Jiyva's grace]
 11223 | D:12     | Gained mutation: You have a small jelly attached to you
                  | that senses nearby items. [Jiyva's grace]
 11223 | D:12     | Gained mutation: You have razor-sharp toenails. [Jiyva's
                  | grace]
 11223 | D:12     | Gained mutation: You have claws for feet. [Jiyva's grace]
 11260 | D:12     | Noticed Josephine
 11266 | D:12     | Killed Josephine
 11331 | D:12     | Mangled by a skeletal warrior

Illustrated notes

Levels and vault maps discovered:
D:1:      spicycebolla_arrival_risky_transporter, layout_rooms
D:2:      layout_basic
D:3:      layout_basic, nicolae_ru_great_annihilating_truth,
          ashenzari_conservatory_becter, hellmonk_ecumenical_altar_heavens_door,
          mainiacjoe_sewer_entry_somewhere_in_here_2
D:4:      layout_loops_ring, minmay_temple_entry_ruins
D:5:      layout_basic, serial_shops, shop, grunt_ministairs_10, uniq_sigmund,
          uniq_grinder, uniq_pikel
D:6:      cheibrodos_thug_alley, layout_cave_pools, minmay_small_thing,
          uniq_edmund, uniq_eustachio, uniq_maggie
D:7:      layout_basic, nicolae_overflow_macrodata_refinement
D:8:      layout_loops_corners, kennysheep_ying_yang, grunt_tough_drop
D:9:      layout_loops_corners, mainiacjoe_overflow_boulevard, dpeg_oklobed_lair
D:10:     minmay_the_grid_triangle_9x9_rhombus_thin
          [minmay_the_grid_triangle_9x9_sprig,
          minmay_the_grid_triangle_9x9_prize_special,
          minmay_the_grid_triangle_9x9_corruption,
          minmay_the_grid_triangle_9x9_steps], layout_stronghold,
          minmay_misc_feat_ornament
D:11:     layout_long_grid, roderic_roman_lattice
D:12:     layout_long_grid, orc_0_dummy, minivault_10, uniq_rupert,
          uniq_maurice, uniq_josephine
D:13:     layout_cave_pods, hellmonk_vaults_keyhole, minivault_16
Temple:   nicolae_temple_ecumenical_triangle

Skill      XL: |  1  2  3  4  5  6  7  8  9 10 11 12 |
---------------+-------------------------------------+-----
Unarmed Combat | 4 5 6 7 8 10 11 12 | 12.4
Fighting       | 3 6 8 9 10 | 10.8
Dodging        | 4 5 |  5.8
Shapeshifting  | 7 10 | 10.2

Action                     |  1- 3 |  4- 6 |  7- 9 | 10-12 || total
---------------------------+-------+-------+-------+-------++-------
  Melee: Unarmed           |    97 |    75 |   235 |   323 ||   730
         Punch             |       |     2 |     4 |    10 ||    16
         Kick              |       |       |    20 |    91 ||   111
         Constrict         |       |       |       |    10 ||    10
         Bite              |       |       |       |    14 ||    14
 Invoke: Oozemancy         |       |       |     1 |    12 ||    13
  Evoke: Wand              |       |       |       |     4 ||     4
    Use: Scroll            |     4 |       |     1 |     8 ||    13
         Potion            |       |     1 |     1 |     1 ||     3
   Stab: Invisible         |       |     1 |       |       ||     1
         Confused          |       |       |       |     6 ||     6
 Armour: Animal skin       |    57 |    48 |    49 |       ||   154
         Skin              |       |     5 |     2 |    21 ||    28
         Robe              |       |       |   110 |   102 ||   212
         Steam dragon scal |       |       |    20 |    57 ||    77
         Troll leather arm |       |       |       |   114 ||   114
  Dodge: Dodged            |    44 |    26 |   114 |   175 ||   359
   Form: Flux              |       |       |     1 |       ||     1
         Blade             |       |       |       |     1 ||     1
         Anaconda          |       |       |       |     1 ||     1

Table legend: (Time is in decaauts)
 A = Elapsed time spent in this place.
 B = Non-inter-level travel time spent in this place.
 C = Inter-level travel time spent in this place.
 D = Time resting spent in this place.
 E = Time spent auto-exploring this place.
 F = Levels seen in this place.
 G = Mean time per level.
                   A        B        C        D        E       F      G
               +--------+--------+--------+--------+--------+-----+--------+
         Total |  11233 |  10268 |    965 |     59 |   8153 |  15 |  748.9 |
       Dungeon |  11078 |  10114 |    964 |     59 |   8073 |  13 |  852.2 |
        Temple |      1 |      1 |      0 |      0 |      0 |   1 |    1.0 |
         Sewer |    152 |    152 |      0 |      0 |     80 |   1 |  152.0 |
               +--------+--------+--------+--------+--------+-----+--------+

Top non-repeatable levels by time:
     D:8: 1730 daAuts
    D:10: 1211 daAuts
    D:13: 1145 daAuts
     D:3: 1001 daAuts
     D:2: 967 daAuts
     D:9: 880 daAuts
     D:5: 749 daAuts
     D:7: 746 daAuts
     D:6: 711 daAuts
     D:4: 678 daAuts
     D:1: 582 daAuts
    D:11: 398 daAuts
    D:12: 276 daAuts
   Sewer: 152 daAuts
  Temple: 1 daAuts
